 Dungeon Crawl Stone Soup version 0.29.0-4-gdea44cf6ec (webtiles) character file.

Game seed: 11288869925939296648

377 qw the Chopper (level 6, -5/36 HPs)
             Began as a Tengu Warper on Aug 28, 2022.
             Was an Initiate of Okawaru.
             Slain by a gnoll bouda
             ... wielding a +0 whip
              (11 damage)
             ... on level 4 of the Dungeon.
             The game lasted 00:00:21 (3796 turns).

qw the Chopper (Tengu Warper)                       Turns: 3796, Time: 00:00:22

Health: -5/36      AC:  5    Str: 13    XL:     6   Next: 73%
Magic:  10/10      EV: 13    Int: 13    God:    Okawaru [......]
Gold:   189        SH:  0    Dex: 14    Spells: 9/9 levels left

rFire   . . .      SeeInvis .   Y - +0 hand axe
rCold   . . .      Faith    .   (no shield)
rNeg    . . .      Spirit   .   j - +0 ring mail
rPois   .          Reflect  .   (helmet restricted)
rElec   .          Harm     .   (no cloak)
rCorr   .          Rampage  .   (no gloves)
Will    .....                   (boots unavailable)
Stlth   +.........              (no amulet)
HPRegen 0.12/turn               (no ring)
MPRegen 0.12/turn               (no ring)

@: flying quickly and evasively, quick
A: beak, talons 3, nimble flight
a: Renounce Religion


You were on level 4 of the Dungeon.
You worshipped Okawaru.
Okawaru was noncommittal.
You visited 2 branches of the dungeon, and saw 5 of its levels.

You collected 189 gold pieces.


Innate Abilities, Weirdness & Mutations

You have a beak for a mouth.
You have claws for feet.
Your magical nature lets you fly swiftly and evasively.


   Skills:
 + Level 2.4 Fighting
 - Level 7.4 Axes
 - Level 1.0 Throwing
 - Level 1.1 Armour
 - Level 2.1 Dodging
 - Level 2.0 Spellcasting
 - Level 2.4 Translocations


You had 9 spell levels left.
You didn't know any spells.
Your spell library contained the following spells:

 Spells                   Type           Power      Damage    Failure   Level
 Blink                    Tloc           14%        N/A       30%         2
 Gell's Gravitas          Tloc           7%         N/A       52%         3
 Lesser Beckoning         Tloc           7%         N/A       52%         3
 Teleport Other           Tloc           7%         N/A       52%         3
 Manifold Assault         Tloc           7%         N/A       99%         5

Inventory:

Hand Weapons
 k - a +0 whip
 Y - a +0 hand axe (weapon)
Armour
 j - a +0 ring mail (worn)
Scrolls
 c - a scroll of identify
Potions
 a - 2 potions of haste
 d - a potion of mutation
 e - a potion of curing
 g - a potion of flight {unknown}
 i - a potion of degeneration {unknown}

Dungeon Overview and Level Annotations

Branches:
Dungeon (4/15)             Temple (1/1) D:4

Altars:
Ashenzari
Cheibriados
Dithmenos
Fedhas
Gozag
Hepliaklqana
Kikubaaqudgha
Makhleb
Nemelex Xobeh
Okawaru
Ru
Sif Muna
Trog
Uskayaw
Vehumet
Xom
Yredelemnul
Zin
The Shining One

Shops:
D:2 =   D:4 =

Annotations:
D:4 2 runed translucent doors


Message History

You kill the hobgoblin!
Okawaru accepts your kill.
You hit the gnoll. x2
You hit the gnoll.
You kill the gnoll!
Okawaru accepts your kill.
You hit the gnoll. The gnoll closely misses you.
The gnoll hits you from afar with a +0 halberd!
The gnoll closely misses you.
You hit the gnoll.
You kill the gnoll!
Okawaru accepts your kill.
You hit the gnoll. The gnoll hits you but does no damage.
You hit the gnoll. You claw the gnoll. You peck the gnoll, but do no damage.
The gnoll is severely wounded.
The gnoll barely misses you. The gnoll hits you but does no damage.
You closely miss the gnoll.
The gnoll is severely wounded.
The gnoll misses you. The gnoll closely misses you.
You hit the gnoll.
The gnoll is almost dead.
You closely miss the gnoll bouda.
The gnoll bouda hits you with a +0 whip.
The gnoll barely misses you. The gnoll misses you.
You barely miss the gnoll. You peck the gnoll.
You kill the gnoll!
Okawaru accepts your kill.
You barely miss the gnoll bouda. The gnoll closely misses you.
The gnoll bouda barely misses you.
You hit the gnoll bouda but do no damage.
You claw the gnoll bouda, but do no damage.
The gnoll hits you from afar with a +0 halberd.
The gnoll bouda completely misses you.
You barely miss the gnoll bouda.
You claw the gnoll bouda, but do no damage.
Your peck misses the gnoll bouda.
The gnoll bouda hits you with a +0 whip!
You die...

######### #.#
#.# #.# #.#
############
#.#
#).........#
#.### ###
#<########.#
#...## O.# #.#
#.### ###..#
#.# #.# #@):#
##.## #.#####.#
#)g## #..#
#...O...#
##gg..g...r#..#
#########
w'...Jg..#..#
.'.......#..#
###.....#####
#...# ####


You could see a gnoll bouda, 2 gnolls and a dart slug.

Vanquished Creatures
  Menkaure (D:4)
  An ogre (D:4)
  2 hounds
  3 gnolls (D:4)
  An adder (D:3)
  4 dart slugs
  An orc (D:4)
  5 ball pythons
  8 endoplasms
  2 giant cockroaches
  9 goblins
  7 hobgoblins
  3 kobolds
  4 quokkas
  5 bats
  5 frilled lizards
  3 rats (D:1)
64 creatures vanquished.

Notes
Turn   | Place    | Note
-------+----------+-------------------------------------------
     0 | D:1      | qw the Tengu Warper began the quest for the Orb.
     0 | D:1      | Reached XP level 1. HP: 12/12 MP: 4/4
     0 | D:1      | 0 ||| qw: Version: 0.1-a-89-g26bdef1
     0 | D:1      | 0 ||| qw: Game counter: 1418
     0 | D:1      | 0 ||| qw: Always use a shield: true
     0 | D:1      | 0 ||| qw: God list: Okawaru
     0 | D:1      | 0 ||| qw: Allow faded altars: false
     0 | D:1      | 0 ||| qw: Do Orc after D:15 true
     0 | D:1      | 0 ||| qw: Do second Lair branch before Depths: true
     0 | D:1      | 0 ||| qw: Lair rune preference: random
     0 | D:1      | 0 ||| qw: Plans: Normal
     0 | D:1      | 0 ||| PLANNING D:1-11
    45 | D:1      | 45 ||| Stepping ~*~*~tactically~*~*~ (hiding).
   147 | D:1      | 147 ||| Stepping ~*~*~tactically~*~*~ (hiding).
   335 | D:1      | 335 ||| Stepping ~*~*~tactically~*~*~ (stealth).
   336 | D:1      | 336 ||| Stepping ~*~*~tactically~*~*~ (stealth).
   369 | D:1      | 369 ||| Stepping ~*~*~tactically~*~*~ (stealth).
   370 | D:1      | 370 ||| Stepping ~*~*~tactically~*~*~ (stealth).
   373 | D:1      | Reached skill level 3 in Axes
   373 | D:1      | Reached XP level 2. HP: 12/17 MP: 6/6
   379 | D:1      | 379 ||| Stepping ~*~*~tactically~*~*~ (stealth).
   381 | D:1      | 381 ||| Stepping ~*~*~tactically~*~*~ (stealth).
   385 | D:1      | 385 ||| Stepping ~*~*~tactically~*~*~ (stealth).
   421 | D:1      | 421 ||| Stepping ~*~*~tactically~*~*~ (stealth).
   423 | D:1      | 423 ||| Stepping ~*~*~tactically~*~*~ (stealth).
   458 | D:1      | 458 ||| Stepping ~*~*~tactically~*~*~ (stealth).
   570 | D:1      | 570 ||| Stepping ~*~*~tactically~*~*~ (stealth).
   634 | D:1      | 634 ||| Stepping ~*~*~tactically~*~*~ (stealth).
   727 | D:1      | 727 ||| Stepping ~*~*~tactically~*~*~ (stealth).
   732 | D:1      | Reached XP level 3. HP: 21/21 MP: 7/7
   735 | D:1      | 735 ||| Stepping ~*~*~tactically~*~*~ (stealth).
   736 | D:1      | 736 ||| Stepping ~*~*~tactically~*~*~ (stealth).
   760 | D:1      | Found a faded altar of an unknown god.
   800 | D:1      | Reached skill level 4 in Axes
  1101 | D:1      | 1101 ||| UPGRADING to +0 ring mail.
  1111 | D:1      | 1111 ||| DROPPING +0 leather armour.
  1112 | D:1      | 1112 ||| READING scroll labelled JATONE UXIVOMO.
  1113 | D:1      | 1113 ||| READING scroll labelled ZAOTUK HIGAOC.
  1114 | D:1      | 1114 ||| DROPPING scroll of blinking.
  1356 | D:2      | Identified the +0 pair of boots of Fun and Games {Fly
                  | Stlth+}
  1492 | D:2      | Found Duq Zuux's Jewellery Shoppe.
  1499 | D:2      | 1499 ||| SHOPLISTING +6 ring of strength (396 gold, have
                  | 48).
  1499 | D:2      | 1499 ||| SHOPLISTING amulet of reflection (330 gold, have
                  | 48).
  1499 | D:2      | 1499 ||| SHOPLISTING amulet of the acrobat (330 gold, have
                  | 48).
  1499 | D:2      | 1499 ||| SHOPLISTING ring of fire (275 gold, have 48).
  1499 | D:2      | 1499 ||| SHOPLISTING ring of ice (275 gold, have 48).
  1499 | D:2      | 1499 ||| SHOPLISTING ring of poison resistance (220 gold,
                  | have 48).
  1499 | D:2      | 1499 ||| SHOPLISTING ring of protection from fire (275
                  | gold, have 48).
  1746 | D:2      | Found a shimmering altar of Xom.
  2048 | D:2      | 2048 ||| DRINKING 2 sedimented amethyst potions.
  2049 | D:2      | 2049 ||| DRINKING 2 pink potions.
  2050 | D:2      | 2050 ||| READING 3 scrolls of identify.
  2050 | D:2      | 2050 ||| IDENTIFYING emerald potion
  2051 | D:2      | 2051 ||| READING 2 scrolls of identify.
  2051 | D:2      | 2051 ||| IDENTIFYING bubbling inky potion
  2052 | D:2      | 2052 ||| DROPPING potion of brilliance.
  2258 | D:3      | 2258 ||| Stepping ~*~*~tactically~*~*~ (hiding).
  2309 | D:3      | Reached XP level 4. HP: 26/26 MP: 8/8
  2316 | D:3      | 2316 ||| Stepping ~*~*~tactically~*~*~ (stealth).
  2323 | D:3      | 2323 ||| Stepping ~*~*~tactically~*~*~ (stealth).
  2324 | D:3      | 2324 ||| Stepping ~*~*~tactically~*~*~ (stealth).
  2342 | D:3      | 2342 ||| DROPPING +0 club.
  2356 | D:3      | Reached skill level 5 in Axes
  2620 | D:3      | Found a sparkling altar of Nemelex Xobeh.
  2629 | D:3      | Found a snail-covered altar of Cheibriados.
  2629 | D:3      | Found a broken altar of Ashenzari.
  2631 | D:3      | Found a shimmering altar of Xom.
  2631 | D:3      | Found a basalt altar of Yredelemnul.
  2631 | D:3      | Found a shadowy altar of Dithmenos.
  2639 | D:3      | 2639 ||| DROPPING scarf of invisibility.
  2640 | D:3      | 2640 ||| DROPPING +6 ring of intelligence.
  2641 | D:3      | 2641 ||| READING scroll labelled UCUSSIEFUN.
  2642 | D:3      | 2642 ||| READING scroll labelled UPRAGY SUDU.
  2643 | D:3      | 2643 ||| READING 2 scrolls of identify.
  2643 | D:3      | 2643 ||| IDENTIFYING lumpy golden potion
  2644 | D:3      | 2644 ||| DROPPING potion of berserk rage.
  2673 | D:4      | 2673 ||| STAIRDANCE
  2717 | D:4      | 2717 ||| STAIRDANCE
  2979 | D:4      | Found a large runed translucent door.
  2979 | D:4      | Found a large runed translucent door.
  3012 | D:4      | Found Qimm's Jewellery Shop.
  3012 | D:4      | Noticed an ogre
  3075 | D:4      | Found a staircase to the Ecumenical Temple.
  3076 | D:4      | 3076 ||| PLANNING TEMPLE
  3076 | D:4      | 3076 ||| READING scroll labelled JUT ROUMUWYUTZ.
  3077 | D:4      | 3077 ||| Stepping randomly (stuck).
  3078 | D:4      | 3078 ||| Stepping ~*~*~tactically~*~*~ (cloud).
  3079 | D:4      | 3079 ||| DRINKING 2 potions of curing.
  3079 | D:4      | 3079 ||| (to cure poison)
  3145 | Temple   | Entered the Ecumenical Temple
  3184 | Temple   | Became a worshipper of Warmaster Okawaru
  3203 | Temple   | 3203 ||| PLANNING D:1-11
  3312 | D:4      | 3312 ||| STAIRDANCE
  3492 | D:4      | Gained mutation: Your magical nature lets you fly swiftly
                  | and evasively. [Tengu growth]
  3492 | D:4      | Reached XP level 5. HP: 24/30 MP: 9/9
  3554 | D:4      | Noticed Menkaure
  3555 | D:4      | 3555 ||| Stepping ~*~*~tactically~*~*~ (hiding).
  3569 | D:4      | Killed Menkaure
  3570 | D:4      | Reached skill level 6 in Axes
  3570 | D:4      | Reached XP level 6. HP: 19/35 MP: 10/10
  3609 | D:4      | 3609 ||| FLEEEEING.
  3614 | D:4      | 3614 ||| FLEEEEING.
  3615 | D:4      | 3615 ||| FLEEEEING.
  3616 | D:4      | 3616 ||| FLEEEEING.
  3617 | D:4      | 3617 ||| FLEEEEING.
  3618 | D:4      | 3618 ||| FLEEEEING.
  3619 | D:4      | 3619 ||| FLEEEEING.
  3623 | D:4      | 3623 ||| FLEEEEING.
  3624 | D:4      | 3624 ||| FLEEEEING.
  3625 | D:4      | 3625 ||| FLEEEEING.
  3627 | D:4      | 3627 ||| FLEEEEING.
  3628 | D:4      | 3628 ||| FLEEEEING.
  3629 | D:4      | 3629 ||| FLEEEEING.
  3630 | D:4      | 3630 ||| FLEEEEING.
  3631 | D:4      | 3631 ||| FLEEEEING.
  3632 | D:4      | 3632 ||| FLEEEEING.
  3634 | D:4      | 3634 ||| FLEEEEING.
  3635 | D:4      | 3635 ||| FLEEEEING.
  3636 | D:4      | 3636 ||| FLEEEEING.
  3637 | D:4      | 3637 ||| FLEEEEING.
  3638 | D:4      | 3638 ||| FLEEEEING.
  3639 | D:4      | 3639 ||| FLEEEEING.
  3655 | D:4      | 3655 ||| FLEEEEING.
  3656 | D:4      | 3656 ||| FLEEEEING.
  3657 | D:4      | 3657 ||| FLEEEEING.
  3658 | D:4      | 3658 ||| FLEEEEING.
  3659 | D:4      | 3659 ||| FLEEEEING.
  3660 | D:4      | 3660 ||| FLEEEEING.
  3662 | D:4      | 3662 ||| FLEEEEING.
  3664 | D:4      | 3664 ||| FLEEEEING.
  3665 | D:4      | 3665 ||| FLEEEEING.
  3666 | D:4      | 3666 ||| FLEEEEING.
  3667 | D:4      | 3667 ||| FLEEEEING.
  3669 | D:4      | 3669 ||| FLEEEEING.
  3670 | D:4      | 3670 ||| STAIRDANCE
  3715 | D:3      | 3715 ||| READING 2 scrolls of identify.
  3715 | D:3      | 3715 ||| IDENTIFYING cyan potion
  3716 | D:3      | 3716 ||| DROPPING potion of lignification.
  3724 | D:4      | Reached skill level 7 in Axes
  3724 | D:4      | 3724 ||| STAIRDANCE
  3781 | D:4      | 3781 ||| Stepping ~*~*~tactically~*~*~ (hiding).
  3782 | D:4      | 3782 ||| Stepping ~*~*~tactically~*~*~ (hiding).
  3793 | D:4      | HP: 8/36 [gnoll bouda/+0 whip (3)]
  3796 | D:4      | Slain by a gnoll bouda

Levels and vault maps discovered:
D:1:      lemuel_arrival_room, layout_basic,
          hellmonk_ecumenical_altar_slurped_away, amcnicky_mini_corridor_feature
D:2:      layout_basic, basic_altar, serial_shops, nicolae_square_shop
D:3:      layout_basic, doesnt_xom_only_xom
D:4:      layout_loops_ring, jmf_multi_god_temple2,
          minmay_temple_entry_statues_fountains,
          corexii_mini_fake_secret_closet, kennysheep_windowed_goal,
          uniq_menkaure
Temple:   nicolae_temple_x_marks_the_god

Skill      XL: |  1  2  3  4  5  6 |
---------------+-------------------+-----
Axes           | 3 4 5 6 7 |  7.4
Fighting       | |  2.4
Throwing       | |  1.0
Armour         | |  1.1
Dodging        | |  2.1
Spellcasting   | |  2.0
Translocations | |  2.4

Action                   |  1- 3 |  4- 6 || total
-------------------------+-------+-------++-------
Melee: Hand axe          |    86 |    78 ||   164
       Kick              |    19 |    18 ||    37
       Punch             |     1 |       ||     1
       Peck              |    15 |     9 ||    24
Throw: Boomerang         |     7 |       ||     7
  Use: Scroll            |     4 |     5 ||     9
       Potion            |     2 |     1 ||     3
Armor: Leather armour    |    13 |       ||    13
       Ring mail         |    15 |    14 ||    29
Dodge: Dodged            |    28 |    41 ||    69

Table legend:
 A = Non-vault XP
 B = Vault XP
 C = Vault XP percentage of total XP
 D = Non-vault monster count
 E = Vault monster count
 F = Vault count percentage of total count
                 A         B        C        D         E       F
            +---------+---------+-------+---------+---------+-------
      Total |     364 |     175 |  32.5 |      60 |       4 |   6.2
            +---------+---------+-------+---------+---------+-------
        D:1 |      52 |       2 |   3.7 |      27 |       1 |   3.6
        D:2 |      10 |       0 |   0.0 |       5 |       0 |   0.0
        D:3 |      77 |       0 |   0.0 |      14 |       0 |   0.0
        D:4 |     225 |     173 |  43.5 |      14 |       3 |  17.6
            +---------+---------+-------+---------+---------+-------
